 Dungeon Crawl Stone Soup version 0.29-a0-1039-gfc20370e89 (webtiles) character file.

Game seed: 14782833708441339963

655 BritishOli the Trooper (level 7, -4/56 HPs)
             Began as a Demonspawn Fighter on Aug 15, 2022.
             Slain by an ice beast (9 damage)
             ... on level 5 of the Dungeon.
             The game lasted 00:04:58 (4831 turns).

BritishOli the Trooper (Demonspawn Fighter)         Turns: 4831, Time: 00:04:59

Health: -4/56      AC: 11    Str: 18    XL:     7   Next: 29%
Magic:  7/7        EV: 12    Int: 10    God:
Gold:   572        SH:  9    Dex: 12    Spells: 6/6 levels left

rFire   . . .      SeeInvis .   a - +0 long sword
rCold   . . .      Faith    .   c - +0 buckler
rNeg    . . .      Spirit   .   b - +0 scale mail
rPois   .          Reflect  .   s - +0 helmet
rElec   .          Harm     .   u - +0 cloak
rCorr   .          Rampage  .   (no gloves)
Will    .....                   e - +1 pair of boots
Stlth   ..........              (no amulet)
HPRegen 0.18/turn               (no ring)
MPRegen 0.10/turn               (no ring)

@: no status effects
A: repulsion field 2, condensation shield
a: no special abilities


You were on level 5 of the Dungeon.
You visited 1 branch of the dungeon, and saw 5 of its levels.

You collected 572 gold pieces.

Inventory:

Hand Weapons
 a - a +0 long sword (weapon)
Armour
 b - a +0 scale mail (worn)
 c - a +0 buckler (worn)
 e - a +1 pair of boots (worn)
 s - a +0 helmet (worn)
 u - a +0 cloak (worn)
Jewellery
 w - a ring of wizardry
Wands
 r - a wand of roots (28)
Scrolls
 f - 2 scrolls of identify {unknown}
 i - 3 scrolls of noise {unknown}
 k - a scroll of magic mapping {unknown}
 o - a scroll of teleportation {unknown}
 p - a scroll of butterflies {unknown}
 q - 4 scrolls of vulnerability {unknown}
 v - a scroll of poison {unknown}
 x - a scroll of blinking {unknown}
 y - a scroll of brand weapon {unknown}
 C - a scroll of immolation {unknown}
Potions
 d - a potion of might
 g - 5 potions of curing {unknown}
 h - 2 potions of berserk rage {unknown}
 j - a potion of lignification {unknown}
 l - 2 potions of haste {unknown}
 m - 2 potions of flight {unknown}
 n - 2 potions of heal wounds {unknown}
 t - a potion of mutation {unknown}
 z - a potion of attraction {unknown}
 A - a potion of brilliance {unknown}
 B - a potion of degeneration {unknown}


   Skills:
 * Level 5.2 Fighting
 * Level 4.2 Long Blades
 + Level 4.2 Armour
 + Level 4.2 Shields


You had 6 spell levels left.
You didn't know any spells.
Your spell library contained the following spells:

 Spells                   Type           Power      Damage    Failure   Level
 Sandblast                Erth           0%         2d4       83%         1
 Passwall                 Tmut/Erth      0%         N/A       92%         2
 Stone Arrow              Conj/Erth      0%         3d7       99%         3


Dungeon Overview and Level Annotations

Branches:
Dungeon (5/15)
 Temple: D:4-7

Altars:
Cheibriados
Xom

Shops:
D:4 *


Innate Abilities, Weirdness & Mutations

You are surrounded by a moderate repulsion field. (EV +3)
A meltable shield of frost defends you. (SH +4)


Message History

You hit the ice beast.
The ice beast is heavily wounded.
The ice beast barely misses you. The ice beast misses you.
You hit the ice beast.
The ice beast is heavily wounded.
The ice beast barely misses you.
You hit the ice beast but do no damage.
The ice beast is heavily wounded.
The ice beast hits you but does no damage.
You completely miss the ice beast.
The ice beast is heavily wounded.
The ice beast hits you but does no damage.
You closely miss the ice beast.
The ice beast is heavily wounded.
You block the ice beast's attack.
You slash the ice beast!
The ice beast is severely wounded.
The ice beast hits you but does no damage. x2
You hit the ice beast but do no damage.
The ice beast is severely wounded.
The ice beast hits you but does no damage.
You hit the ice beast but do no damage.
The ice beast is severely wounded.
You block the ice beast's attack.
You hit the ice beast but do no damage.
The ice beast is severely wounded.
The ice beast hits you. The ice beast freezes you!
You hit the ice beast.
The ice beast is almost dead.
The ice beast hits you but does no damage.
The ice beast hits you.
* * * LOW HITPOINT WARNING * * *
The ice beast freezes you!
* * * LOW HITPOINT WARNING * * *
The ice beast attacks as you move away! The ice beast closely misses you.
The ice beast attacks as you move away! You block the ice beast's attack.
The ice beast attacks as you move away! The ice beast hits you.
* * * LOW HITPOINT WARNING * * *
The ice beast freezes you!
You die...

..##..###.###
............#
............#
............+
#+#######..###+# .##.
#...##..##..### .....
+.............. ....
#......Y....... #..
###.###@######.
#####..####.###.#
#............#...
#............#....
.#............#.....
.#######..###+#######
.......#..##
#......#...# #.
#.....<+...# #.


You could see an ice beast.

Vanquished Creatures
  Sigmund (D:2)
  An ogre (D:4)
  A phantom (D:4)
  A scorpion (D:4)
  A hound (D:4)
  A jelly (D:4)
  2 iguanas (D:4)
  Robin (D:3)
  7 adders
  An ufetubus (D:4)
  2 worms (D:2)
  3 dart slugs
  2 orcs (D:4)
  6 ball pythons (D:4)
  9 bats
  3 endoplasms
  4 giant cockroaches
  8 goblins
  12 hobgoblins
  3 jackals (D:4)
  7 kobolds
  5 quokkas
  5 frilled lizards
  7 rats
93 creatures vanquished.

Vanquished Creatures (others)
  3 plants (D:4)
3 creatures vanquished.

Grand Total: 96 creatures vanquished

Notes
Turn   | Place    | Note
-------+----------+-------------------------------------------
     0 | D:1      | BritishOli the Demonspawn Fighter began the quest for the
                  | Orb.
     0 | D:1      | Reached XP level 1. HP: 18/18 MP: 1/1
   182 | D:1      | Gained mutation: You are surrounded by a mild repulsion
                  | field. (EV +2) [demonic ancestry]
   182 | D:1      | Reached XP level 2. HP: 17/24 MP: 2/2
   976 | D:1      | Gained mutation: You are surrounded by a moderate repulsion
                  | field. (EV +3) [demonic ancestry]
   976 | D:1      | Reached XP level 3. HP: 28/29 MP: 3/3
  1382 | D:2      | Noticed Sigmund
  1392 | D:2      | Killed Sigmund
  1393 | D:2      | Reached skill level 4 in Fighting
  1393 | D:2      | Gained mutation: A meltable shield of frost defends you.
                  | (SH +4) [demonic ancestry]
  1393 | D:2      | Reached XP level 4. HP: 6/37 MP: 4/4
  1393 | D:2      | Reached XP level 5. HP: 6/42 MP: 5/5
  1396 | D:2      | HP: 2/42 [poisoned by Sigmund]
  2000 | D:2      | Found a faded altar of an unknown god.
  2571 | D:3      | Noticed Robin
  2590 | D:3      | Killed Robin
  2804 | D:3      | Found a snail-covered altar of Cheibriados.
  2804 | D:3      | Found a shimmering altar of Xom.
  3581 | D:4      | Reached XP level 6. HP: 48/48 MP: 6/6
  4355 | D:4      | Reached skill level 5 in Fighting
  4355 | D:4      | Reached XP level 7. HP: 56/56 MP: 7/7
  4590 | D:4      | Found Femeq's Lightly-Used Armoury.
  4714 | D:5      | Entered Level 5 of the Dungeon
  4831 | D:5      | Slain by an ice beast

Illustrated notes

Levels and vault maps discovered:
D:1:      scummos_arrival_checkerplants, layout_basic
D:2:      layout_basic, ebering_ecumenical_altar_abandoned, uniq_sigmund
D:3:      layout_basic, chequers_temple_overflow_statue_of_worship, uniq_robin
D:4:      minmay_polygon_palace, layout_basic, grunt_decor_resistance,
          minmay_shop_damaged, saegor_snake_ambush
D:5:      layout_gridville, mainiacjoe_overflow_tiny_flanked

Skill      XL: |  1  2  3  4  5  6 |
---------------+-------------------+-----
Long Blades    | 2 3 4 |  4.2
Shields        | 3 4 |  4.2
Armour         | 3 4 |  4.2
Fighting       | 4 5 |  5.2

Action                   |  1- 3 |  4- 6 |  7- 9 || total
-------------------------+-------+-------+-------++-------
Melee: Long sword        |    93 |   259 |    96 ||   448
Armor: Scale mail        |    62 |    93 |    31 ||   186
Dodge: Dodged            |    45 |   161 |    52 ||   258
Block: Buckler           |    24 |   149 |    46 ||   219

Table legend: (Time is in decaauts)
 A = Elapsed time spent in this place.
 B = Non-inter-level travel time spent in this place.
 C = Inter-level travel time spent in this place.
 D = Time resting spent in this place.
 E = Time spent auto-exploring this place.
 F = Levels seen in this place.
 G = Mean time per level.
                   A        B        C        D        E       F      G
               +--------+--------+--------+--------+--------+-----+--------+
         Total |   4979 |   4883 |     96 |    714 |   3260 |   5 |  995.8 |
       Dungeon |   4979 |   4883 |     96 |    714 |   3260 |   5 |  995.8 |
               +--------+--------+--------+--------+--------+-----+--------+

Top non-repeatable levels by time:
     D:4: 1513 daAuts
     D:1: 1224 daAuts
     D:2: 1181 daAuts
     D:3: 934 daAuts
     D:5: 126 daAuts
